| TOP OF THE 1ST |
|
Vancouver Canadians batting - Pitching for Aberdeen Ironbirds : LHP Luis Perez
|
|
Pitching: LHP Luis Perez
|
|
|
Batting: RHB Kennet Strijbis
|
0-0: Foul Ball, location: 2F 0-1: Ball 1-1: Ground out 6-3 (Groundball, 6, EV 80.6 MPH)
|
|
Batting: RHB Danny Alberto
|
0-0: Ground out 6-3 (Groundball, 6, EV 83.8 MPH)
|
|
Batting: RHB Justin Geiger
|
0-0: Ball 1-0: Called Strike 1-1: Called Strike 1-2: Ground out 5-3 (Groundball, 5, EV 82.5 MPH)
|
| Top of the 1st over - 0 runs, 0 hits, 0 errors, 0 left on base; Vancouver 0 - Aberdeen 0 |
| BOTTOM OF THE 1ST |
|
Aberdeen Ironbirds batting - Pitching for Vancouver Canadians : RHP Humberto Gutierrez
|
|
Pitching: RHP Humberto Gutierrez
|
|
|
Batting: LHB Miguel Medina
|
0-0: Ball 1-0: Called Strike 1-1: Foul Ball, location: 2F 1-2: Foul Ball, location: 2F 1-2: Strikes out swinging
|
|
Batting: RHB Tony Godley
|
0-0: Ball 1-0: Foul Ball, location: 2F 1-1: Swinging Strike 1-2: Fly out, F9 (Flyball, 89D, EV 93.8 MPH)
|
|
Batting: LHB Adam Oldfield
|
0-0: Ball 1-0: Ball 2-0: Ground out 5-3 (Groundball, 6, EV 100.0 MPH)
|
| Bottom of the 1st over - 0 runs, 0 hits, 0 errors, 0 left on base; Vancouver 0 - Aberdeen 0 |
| TOP OF THE 2ND |
|
Vancouver Canadians batting - Pitching for Aberdeen Ironbirds : LHP Luis Perez
|
|
Batting: LHB Ray Whitehead
|
0-0: Called Strike 0-1: Ball 1-1: Foul Ball, location: 2F 1-2: Strikes out swinging, 2-3 out at first.
|
|
Batting: RHB Kyle Scruggs
|
0-0: Ball 1-0: Ground out 6-3 (Groundball, 6, EV 86.9 MPH)
|
|
Batting: RHB Bobby Lasaguna
|
0-0: Called Strike 0-1: Swinging Strike 0-2: Ball 1-2: Foul Ball, location: 2F 1-2: Ball 2-2: Ball 3-2: Ground out 4-3 (Groundball, 4M, EV 85.0 MPH)
|
| Top of the 2nd over - 0 runs, 0 hits, 0 errors, 0 left on base; Vancouver 0 - Aberdeen 0 |
| BOTTOM OF THE 2ND |
|
Aberdeen Ironbirds batting - Pitching for Vancouver Canadians : RHP Humberto Gutierrez
|
|
Batting: RHB Daniel Jackson
|
0-0: Ball 1-0: Foul Ball, location: 2F 1-1: Swinging Strike 1-2: TRIPLE (Line Drive, 7LD, EV 113.8 MPH)
|
|
Batting: RHB Ray Sims
|
0-0: Called Strike 0-1: Ball 1-1: Ground out 3-1 (Groundball, 34, EV 106.2 MPH) Daniel Jackson scores
|
|
Batting: RHB Ben Sutton
|
0-0: Ball 1-0: Fly out, F9 (Line Drive, 9S, EV 108.8 MPH)
|
|
Batting: LHB Shane Cruse
|
0-0: DOUBLE (Line Drive, 89D, EV 105.6 MPH) - OUT at third base trying to stretch hit.
|
| Bottom of the 2nd over - 1 run, 2 hits, 0 errors, 0 left on base; Vancouver 0 - Aberdeen 1 |
| TOP OF THE 3RD |
|
Vancouver Canadians batting - Pitching for Aberdeen Ironbirds : LHP Luis Perez
|
|
Batting: RHB Lamberto Amicis
|
0-0: Called Strike 0-1: Ball 1-1: Foul Ball, location: 2F 1-2: Ground out 6-3 (Groundball, 6, EV 102.5 MPH)
|
|
Batting: RHB Jose Ontiveros
|
0-0: Ball 1-0: Foul Ball, location: 2F 1-1: Fly out, F5 (Line Drive, 5, EV 68.8 MPH)
|
|
Batting: LHB Sonny Flood
|
0-0: Ball 1-0: Foul Ball, location: 2F 1-1: Called Strike 1-2: Foul Ball, location: 2F 1-2: Strikes out swinging
|
| Top of the 3rd over - 0 runs, 0 hits, 0 errors, 0 left on base; Vancouver 0 - Aberdeen 1 |
| BOTTOM OF THE 3RD |
|
Aberdeen Ironbirds batting - Pitching for Vancouver Canadians : RHP Humberto Gutierrez
|
|
Batting: RHB Matt Berrier
|
0-0: Foul Ball, location: 2F 0-1: Ball 1-1: Foul Ball, location: 2F 1-2: Strikes out swinging
|
|
Batting: RHB Honório Szenes
|
0-0: Called Strike 0-1: Ball 1-1: Ball 2-1: Ball 3-1: Base on Balls
|
|
Batting: LHB Miguel Medina
|
0-0: Called Strike 0-1: Ball 1-1: Foul Ball, location: 2F 1-2: Ball 2-2: Ball Honório Szenes steals 2nd, throwing error, E2 Honório Szenes to third 3-2: Foul Ball, location: 2F 3-2: Base on Balls
|
|
Batting: RHB Tony Godley
|
0-0: Swinging Strike 0-1: Called Strike 0-2: Ball 1-2: Ball 2-2: Strikes out swinging
|
|
Batting: LHB Adam Oldfield
|
0-0: Ball 1-0: Ball 2-0: Ball 3-0: Foul Ball, location: 2F 3-1: Fielders Choice at 2nd, U6 (Groundball, 6M, EV 103.1 MPH)
|
| Bottom of the 3rd over - 0 runs, 0 hits, 1 error, 2 left on base; Vancouver 0 - Aberdeen 1 |
| TOP OF THE 4TH |
|
Vancouver Canadians batting - Pitching for Aberdeen Ironbirds : LHP Luis Perez
|
|
Batting: RHB Kennet Strijbis
|
0-0: Called Strike 0-1: DOUBLE (Line Drive, 78XD, EV 106.2 MPH)
|
|
Batting: RHB Danny Alberto
|
0-0: Ball 1-0: Called Strike 1-1: Ball 2-1: Foul Ball, location: 2F 2-2: Strikes out swinging
|
|
Batting: RHB Justin Geiger
|
0-0: Ball Kennet Strijbis steals 3rd base 1-0: SINGLE (Groundball, 3, EV 100.6 MPH) Kennet Strijbis scores
|
|
Batting: LHB Ray Whitehead
|
0-0: Ball 1-0: Ball 2-0: Foul Ball, location: 2F 2-1: Ball 3-1: Called Strike 3-2: Strikes out swinging Justin Geiger is caught stealing 2nd base 2-6 Batter strikes out.
|
| Top of the 4th over - 1 run, 2 hits, 0 errors, 0 left on base; Vancouver 1 - Aberdeen 1 |
| BOTTOM OF THE 4TH |
|
Aberdeen Ironbirds batting - Pitching for Vancouver Canadians : RHP Humberto Gutierrez
|
|
Batting: RHB Daniel Jackson
|
0-0: Called Strike 0-1: Called Strike 0-2: SINGLE (Line Drive, 7S, EV 96.2 MPH)
|
|
Batting: RHB Ray Sims
|
0-0: Called Strike 0-1: Ball Pickoff Throw to First - Error! E1 Daniel Jackson to second 1-1: TRIPLE (Flyball, 7D, EV 93.1 MPH) Daniel Jackson scores
|
|
Batting: RHB Ben Sutton
|
0-0: Called Strike 0-1: Ball 1-1: Ball 2-1: SINGLE (Groundball, 56D, EV 105.6 MPH) Ray Sims scores
|
|
Batting: LHB Shane Cruse
|
0-0: Ball 1-0: Ball 2-0: Ball 3-0: Base on Balls Ben Sutton to second
|
|
Batting: RHB Matt Berrier
|
0-0: Swinging Strike 0-1: DOUBLE (Line Drive, 8RXD, EV 105.0 MPH) Ben Sutton scores Shane Cruse to third
|
|
Batting: RHB Honório Szenes
|
0-0: Swinging Strike 0-1: Ball 1-1: Foul Ball, location: 2F 1-2: Ball Balk! Shane Cruse scores Matt Berrier to third 2-2: Foul Ball, location: 2F 2-2: Ground out U3 (Groundball, 34S, EV 66.9 MPH) Matt Berrier scores
|
|
Pitching: RHP Tony Riesco
|
|
|
Batting: LHB Miguel Medina
|
0-0: Ball 1-0: Called Strike 1-1: Ball 2-1: Ball 3-1: Base on Balls
|
|
Batting: RHB Tony Godley
|
0-0: Ball 1-0: Foul Ball, location: 2F 1-1: Ball 2-1: Ball 3-1: Foul Ball, location: 2F 3-2: Foul Ball, location: 2F 3-2: Strikes out looking
|
|
Batting: LHB Adam Oldfield
|
0-0: Called Strike 0-1: Ball Miguel Medina is caught stealing 2nd base 2-6
|
| Bottom of the 4th over - 5 runs, 4 hits, 1 error, 0 left on base; Vancouver 1 - Aberdeen 6 |
| TOP OF THE 5TH |
|
Vancouver Canadians batting - Pitching for Aberdeen Ironbirds : LHP Luis Perez
|
|
Batting: RHB Kyle Scruggs
|
0-0: Called Strike 0-1: Ball 1-1: Fly out, F7 (Flyball, 7S, EV 75.0 MPH)
|
|
Batting: RHB Bobby Lasaguna
|
0-0: Ball 1-0: Swinging Strike 1-1: Ball 2-1: Ground out 6-3 (Groundball, 6, EV 80.6 MPH)
|
|
Batting: RHB Lamberto Amicis
|
0-0: Ground out 5-3 (Groundball, 5S, EV 91.9 MPH)
|
| Top of the 5th over - 0 runs, 0 hits, 0 errors, 0 left on base; Vancouver 1 - Aberdeen 6 |
| BOTTOM OF THE 5TH |
|
Aberdeen Ironbirds batting - Pitching for Vancouver Canadians : RHP Tony Riesco
|
|
Batting: LHB Adam Oldfield
|
0-0: DOUBLE (Line Drive, 89D, EV 107.5 MPH)
|
|
Batting: RHB Daniel Jackson
|
0-0: Ball 1-0: Called Strike 1-1: Fly out, F6 (Popup, 6MS, EV 70.0 MPH)
|
|
Batting: RHB Ray Sims
|
0-0: Ground out 6-3 (Groundball, 6, EV 111.2 MPH)
|
|
Batting: RHB Ben Sutton
|
0-0: Ball 1-0: Foul Ball, location: 2F 1-1: Ball 2-1: Called Strike 2-2: Ball 3-2: SINGLE (Line Drive, 6D, EV 93.8 MPH) Adam Oldfield to third Runner from 3rd tries for Home, throw by CF and OUT! 8-2
|
| Bottom of the 5th over - 0 runs, 2 hits, 0 errors, 1 left on base; Vancouver 1 - Aberdeen 6 |
| TOP OF THE 6TH |
|
Vancouver Canadians batting - Pitching for Aberdeen Ironbirds : LHP Luis Perez
|
|
Batting: RHB Jose Ontiveros
|
0-0: Ball 1-0: Ball 2-0: Ball 3-0: Base on Balls
|
|
Batting: LHB Sonny Flood
|
0-0: Swinging Strike 0-1: Ball 1-1: Ball 2-1: Reached on error, E3 (Groundball, 3, EV 95.0 MPH) Jose Ontiveros to second
|
|
Batting: RHB Kennet Strijbis
|
0-0: Called Strike 0-1: Called Strike 0-2: Ball 1-2: SINGLE (Flyball, 8LS, EV 86.2 MPH) Jose Ontiveros to third Sonny Flood to second
|
|
Batting: RHB Danny Alberto
|
0-0: Ball 1-0: Ball 2-0: Called Strike 2-1: Ball 3-1: Foul Ball, location: 2F 3-2: Strikes out looking
|
|
Batting: RHB Justin Geiger
|
0-0: Foul Ball, location: 2F 0-1: Foul Ball, location: 2F 0-2: Ball 1-2: Ball 2-2: Foul Ball, location: 2F 2-2: Foul Ball, location: 2F 2-2: Strikes out swinging
|
|
Pinch Hitting: RHB Cesar Chavez
|
0-0: Ball 1-0: Called Strike 1-1: Swinging Strike 1-2: Ball 2-2: Strikes out looking
|
| Top of the 6th over - 0 runs, 1 hit, 1 error, 3 left on base; Vancouver 1 - Aberdeen 6 |
| BOTTOM OF THE 6TH |
|
Aberdeen Ironbirds batting - Pitching for Vancouver Canadians : RHP Tony Riesco
|
|
Now in LF: Adam Santarelli
|
|
|
Batting: LHB Shane Cruse
|
0-0: Ball 1-0: Ball 2-0: Ball 3-0: Base on Balls
|
|
Batting: RHB Matt Berrier
|
0-0: Called Strike 0-1: Ball 1-1: Ball 2-1: Foul Ball, location: 2F 2-2: Grounds into double play, 3-6-3 (Groundball, 13, EV 80.0 MPH)
|
|
Batting: RHB Honório Szenes
|
0-0: Swinging Strike 0-1: Ball 1-1: Swinging Strike 1-2: Strikes out looking
|
| Bottom of the 6th over - 0 runs, 0 hits, 0 errors, 0 left on base; Vancouver 1 - Aberdeen 6 |
| TOP OF THE 7TH |
|
Vancouver Canadians batting - Pitching for Aberdeen Ironbirds : LHP Luis Perez
|
|
Batting: RHB Kyle Scruggs
|
0-0: Called Strike 0-1: Ball 1-1: Ball 2-1: Foul Ball, location: 2F 2-2: SINGLE (Line Drive, 7LS, EV 110.0 MPH)
|
|
DELAY
|
Rain delay of 41 minutes in the 7th inning.
|
|
Pitching: RHP Fabiano Ceriani
|
|
|
Batting: RHB Bobby Lasaguna
|
0-0: Ball 1-0: Fly out, F7 (Flyball, 78D, EV 86.9 MPH)
|
|
Batting: RHB Lamberto Amicis
|
0-0: Swinging Strike 0-1: Called Strike 0-2: Ball 1-2: Foul Ball, location: 2F 1-2: Strikes out looking
|
|
Batting: RHB Jose Ontiveros
|
0-0: Called Strike Kyle Scruggs is caught stealing 2nd base 2-4
|
| Top of the 7th over - 0 runs, 1 hit, 0 errors, 0 left on base; Vancouver 1 - Aberdeen 6 |
| BOTTOM OF THE 7TH |
|
Aberdeen Ironbirds batting - Pitching for Vancouver Canadians : RHP Tony Riesco
|
|
Batting: LHB Miguel Medina
|
0-0: Ball 1-0: Swinging Strike 1-1: Ball 2-1: Swinging Strike 2-2: Foul Ball, location: 2F 2-2: Ball 3-2: Strikes out looking
|
|
Batting: RHB Tony Godley
|
0-0: Called Strike 0-1: Ball 1-1: Foul Ball, location: 2F 1-2: Foul Ball, location: 2F 1-2: SINGLE (Groundball, 6MD, EV 84.4 MPH) (infield hit)
|
|
Batting: LHB Adam Oldfield
|
0-0: Called Strike Tony Godley is caught stealing 2nd base 2-6 0-1: Ball 1-1: Ground out 4-3 (Groundball, 3D, EV 106.2 MPH)
|
| Bottom of the 7th over - 0 runs, 1 hit, 0 errors, 0 left on base; Vancouver 1 - Aberdeen 6 |
| TOP OF THE 8TH |
|
Vancouver Canadians batting - Pitching for Aberdeen Ironbirds : RHP Fabiano Ceriani
|
|
Batting: RHB Jose Ontiveros
|
0-0: Ball 1-0: Foul Ball, location: 2F 1-1: Ball 2-1: Called Strike 2-2: Foul Ball, location: 2F 2-2: SINGLE (Groundball, 6MS, EV 80.6 MPH) (infield hit)
|
|
Batting: LHB Sonny Flood
|
0-0: Called Strike 0-1: Foul Ball, location: 2F 0-2: Foul Ball, location: 2F 0-2: Ball 1-2: Ball 2-2: Foul Ball, location: 2F 2-2: Ball 3-2: Grounds out, U3 (Groundball, 3L, EV 86.9 MPH)
|
|
Batting: RHB Kennet Strijbis
|
0-0: Fly out, F7 (Flyball, 7D, EV 103.8 MPH) Runner from 2nd tags up, SAFE at 3rd, no throw by LF
|
|
Batting: RHB Danny Alberto
|
0-0: Ball 1-0: Foul Ball, location: 2F 1-1: Swinging Strike 1-2: Ball 2-2: 2-RUN HOME RUN (Flyball, 7LD, EV 101.9 MPH) (Inside the Park)
|
|
Batting: RHB Justin Geiger
|
0-0: SINGLE (Line Drive, 89S, EV 108.8 MPH)
|
|
Batting: LHB Adam Santarelli
|
0-0: Called Strike 0-1: Ball 1-1: Fly out, F8 (Flyball, 78D, EV 104.4 MPH)
|
| Top of the 8th over - 2 runs, 3 hits, 0 errors, 1 left on base; Vancouver 3 - Aberdeen 6 |
| BOTTOM OF THE 8TH |
|
Aberdeen Ironbirds batting - Pitching for Vancouver Canadians : RHP Tony Riesco
|
|
Pitching: RHP Andy Lee
|
|
|
Batting: RHB Daniel Jackson
|
0-0: Called Strike 0-1: Foul Ball, location: 2F 0-2: Strikes out looking
|
|
Batting: RHB Ray Sims
|
0-0: Swinging Strike 0-1: Swinging Strike 0-2: Ball 1-2: Strikes out looking
|
|
Batting: RHB Ben Sutton
|
0-0: Called Strike 0-1: Ball 1-1: Ground out 1-3 (Groundball, 34S, EV 70.6 MPH)
|
| Bottom of the 8th over - 0 runs, 0 hits, 0 errors, 0 left on base; Vancouver 3 - Aberdeen 6 |
| TOP OF THE 9TH |
|
Vancouver Canadians batting - Pitching for Aberdeen Ironbirds : RHP Fabiano Ceriani
|
|
Pitching: RHP Chris Kimura
|
|
|
Now at 2B: Matt Berrier
|
|
|
Now at 3B: Mike Pitts
|
|
|
Now at SS: Fernando Bravo
|
|
|
Batting: RHB Kyle Scruggs
|
0-0: Ground out U3 (Groundball, 34, EV 110.0 MPH)
|
|
Batting: RHB Bobby Lasaguna
|
0-0: Ball 1-0: Ball 2-0: Reached on error, E6 (Groundball, 6S, EV 76.2 MPH)
|
|
Batting: RHB Lamberto Amicis
|
0-0: Ball 1-0: Swinging Strike 1-1: Foul Ball, location: 2F 1-2: Ground out 4-3 (Groundball, 4M, EV 85.0 MPH) Bobby Lasaguna to third
|
|
Pinch Hitting: LHB Devin Huber
|
0-0: Foul Ball, location: 2F 0-1: Ball 1-1: Ball Wild Pitch! Bobby Lasaguna scores 2-1: SINGLE (Flyball, 8LS, EV 93.8 MPH)
|
|
Batting: LHB Sonny Flood
|
0-0: Ball 1-0: TRIPLE (Line Drive, 89XD, EV 105.0 MPH) Devin Huber scores
|
|
Pinch Hitting: LHB Roald Jacobs
|
0-0: Called Strike 0-1: Foul Ball, location: 2F 0-2: Strikes out swinging
|
| Top of the 9th over - 2 runs, 2 hits, 1 error, 1 left on base; Vancouver 5 - Aberdeen 6 |
|